Map: Acropolis LE

Players

SortOf - Winner!

  • Race: Zerg Zerg
  • League: Diamond
  • Spawn Location: 11:00

GunGFuBanDa

  • Race: Protoss Protoss
  • Spawn Location: 5:00

Event: 2019 WCS Summer

VOD

Have the link to the VOD?

Description

Time

  • Played on: July 13, 2019, 9:03 a.m.
  • Length: 19:37

All games in this series

Show
View Real Time Build Order
Export as new Build Order

SortOf Zerg - Winner!

Build Orders: Hatch First, Brood Lord Corruptor 

Get SALT Encoding   

  12  0:00  Drone  
  13  0:12  Overlord  
  13  0:17  Drone  
  14  0:31  Drone x2  
  16  0:47  Hatchery  
  15  0:51  Drone  
  15  0:55  Drone  
  17  0:58  Drone  
  18  1:09  Extractor  
  17  1:13  Spawning Pool  
  17  1:17  Drone  
  17  1:19  Drone  
  18  1:28  Drone  
  19  1:39  Drone  
  20  1:50  Overlord  
  20  2:00  Queen x2  
  20  2:01  Zergling x4  
  26  2:11  Drone x2  
  28  2:15  Metabolic Boost  
  28  2:22  Drone x2  
  30  2:33  Hatchery  
  29  2:39  Zergling x4  
  29  2:43  Overlord  
  31  2:50  Drone  
  32  2:52  Queen  
  32  2:55  Drone  
  32  2:58  Drone  
  36  3:05  Drone x2  
  38  3:10  Drone x3  
  41  3:16  Queen  
  41  3:19  Overlord  
  43  3:23  Zergling x2  
  44  3:36  Spore Crawler x2  
  44  3:40  Drone x4  
  45  3:45  Drone  
  45  3:46  Drone x3  
  45  3:47  Queen  
  51  3:54  Drone x3  
  54  4:01  Drone, Spore Crawler  
  54  4:02  Drone  
  55  4:04  Overlord  
  55  4:11  Zergling x4  
  55  4:12  Overlord  
  57  4:19  Overlord x2  
  57  4:25  Drone x2  
  57  4:26  Drone x5  
  64  4:34  Overlord  
  64  4:38  Drone x2  
  66  4:40  Roach Warren  
  61  4:47  Drone  
  61  4:48  Drone x5  
  61  4:50  Zergling x6  
  70  4:54  Drone  
  70  4:59  Lair  
  71  5:00  Extractor  
  71  5:01  Drone x4, Extractor  
  71  5:03  Drone, Extractor  
  73  5:09  Drone x2  
  73  5:13  Queen  
  77  5:15  Drone  
  77  5:19  Drone x3  
  81  5:22  Overlord  
  81  5:25  Drone x2  
  81  5:26  Drone  
  81  5:27  Overlord  
  81  5:28  Extractor x2  
  83  5:31  Hatchery  
  83  5:34  Drone x3  
  84  5:38  Roach x2  
  84  5:39  Roach  
  88  5:44  Roach  
  88  5:46  Roach x2  
  90  5:50  Roach x3  
  90  5:56  Drone x2  
  98  6:01  Overlord  
  98  6:02  Drone  
  99  6:04  Overlord  
  99  6:06  Drone x5  
  99  6:07  Drone  
  99  6:11  Evolution Chamber, Baneling Nest  
  102  6:18  Roach  
  102  6:19  Roach  
  102  6:20  Roach  
  102  6:22  Ravager x3  
  110  6:27  Overseer  
  110  6:29  Zergling x2, Roach  
  110  6:30  Zergling x10  
  118  6:37  Overlord  
  118  6:41  Drone x3  
  118  6:44  Overlord  
  121  6:48  Infestation Pit  
  121  6:49  Glial Reconstitution, Zerg Melee Weapons Level 1  
  121  6:51  Drone x4  
  124  6:57  Extractor, Spore Crawler  
  124  6:58  Centrifical Hooks  
  124  7:00  Roach x6  
  133  7:05  Overlord  
  133  7:12  Overlord  
  133  7:16  Zergling x14  
  140  7:29  Drone x5  
  142  7:30  Hive  
  142  7:32  Overlord, Spire  
  142  7:34  Zergling x4  
  143  7:38  Drone  
  143  7:43  Overlord  
  142  7:47  Zergling x20  
  142  7:50  Ravager x8  
  157  7:52  Baneling x6  
  157  7:54  Overlord x2  
  157  7:56  Zergling x2  
  158  8:06  Drone  
  158  8:07  Extractor  
  158  8:10  Baneling  
  158  8:11  Baneling x13  
  158  8:13  Overlord  
  158  8:16  Zergling x20  
  168  8:20  Drone  
  168  8:21  Drone  
  168  8:25  Zergling x12  
  176  8:31  Overlord  
  176  8:35  Baneling  
  176  8:36  Baneling x18  
  176  8:39  Zergling x2  
  176  8:40  Zergling x8  
  181  8:43  Baneling  
  181  8:44  Baneling x6  
  181  8:47  Overlord  
  181  8:52  Greater Spire, Zergling x10  
  186  9:00  Zerg Melee Weapons Level 2  
  186  9:05  Zergling x20  
  196  9:13  Hatchery  
  196  9:14  Baneling x4  
  196  9:15  Baneling x10, Overseer  
  183  9:27  Adrenal Glands  
  182  9:33  Zergling x10  
  182  9:34  Zergling x20  
  190  9:40  Overseer  
  188  9:49  Baneling x13  
  184  9:53  Corruptor x2  
  184  9:56  Zergling x14  
  184  9:59  Corruptor  
  197  10:13  Corruptor x2  
  194  10:32  Corruptor x5  
  194  10:35  Overlord  
  194  10:38  Zerg Flyer Weapons Level 1  
  194  10:41  Queen  
  181  10:54  Zergling x26  
  181  10:55  Zergling x10  
  169  11:13  Brood Lord x5  
  169  11:14  Zergling x26  
  183  11:20  Corruptor  
  172  11:28  Corruptor x4  
  178  11:35  Extractor  
  178  11:37  Drone x2  
  173  11:41  Viper x2  
  179  11:48  Drone, Hatchery x2  
  179  11:49  Drone x3  
  179  11:51  Queen  
  179  11:52  Queen  
  185  12:06  Brood Lord x3  
  191  12:08  Overlord  
  191  12:15  Corruptor x2  
  187  12:21  Corruptor  
  176  12:40  Corruptor x4  
  181  12:45  Drone x12  
  181  12:47  Overseer  
  190  12:53  Overseer  
  190  12:54  Overseer  
  190  12:56  Brood Lord  
  190  12:58  Zergling x2  
  190  12:59  Zergling x10  
  192  13:05  Zergling x8  
  192  13:10  Zergling x2  
  185  13:20  Zergling x2  
  185  13:21  Zergling x2  
  185  13:22  Zergling x14  
  194  13:27  Spine Crawler, Spore Crawler  
  194  13:33  Drone x3  
  189  13:42  Infestation Pit  
  183  13:49  Zerg Flyer Weapons Level 2  
  183  13:51  Brood Lord x3  
  183  13:54  Zergling x22  
  195  14:04  Extractor  
  195  14:05  Extractor  
  195  14:07  Spine Crawler  
  195  14:08  Spine Crawler  
  195  14:09  Spine Crawler  
  189  14:14  Spine Crawler  
  188  14:17  Hatchery  
  188  14:23  Corruptor x6  
  199  14:29  Hydralisk Den  
  174  14:54  Infestor x4  
  174  14:57  Zergling x2, Pathogen Glands  
  174  14:58  Zergling x34  
  193  15:03  Pneumatized Carapace  
  187  15:07  Spore Crawler  
  187  15:10  Overlord  
  187  15:11  Drone x4  
  187  15:19  Queen  
  187  15:25  Zerg Missile Weapons Level 1  
  187  15:26  Drone x5, Evolution Chamber  
  189  15:40  Drone x10  
  190  15:47  Spine Crawler  
  187  15:52  Infestor  
  187  15:53  Infestor x2  
  193  16:05  Overlord x2  
  193  16:10  Overlord  
  179  16:33  Overlord  
  179  16:34  Infestor x7  
  188  16:40  Spine Crawler x2  
  188  16:41  Zergling x16  
  188  16:43  Baneling x15  
  188  16:47  Neural Parasite  
  190  17:03  Zergling x4  
  190  17:04  Zergling x6  
  195  17:10  Zergling x8  
  198  17:22  Zergling x16  
  198  17:28  Infestor x7  
  191  17:41  Zergling x12  
  197  17:46  Hatchery  
  197  17:48  Viper x2  
  195  17:55  Zergling x8  
  195  18:02  Overseer  
  195  18:03  Overseer  
  195  18:07  Zergling x8  
  195  18:10  Baneling x5  
  199  18:13  Overlord  
  199  18:18  Overlord  
  199  18:23  Overseer x2  
  195  18:31  Zergling x10  
  196  18:38  Zergling x16  
  194  18:53  Hatchery  
  187  19:02  Zergling x12  
Show
View Real Time Build Order
Export as new Build Order

GunGFuBanDa Protoss 

Build Orders: 1 Gate Expand, Oracle Opening 

Get SALT Encoding   

  12  0:00  Probe  
  13  0:12  Probe  
  14  0:19  Pylon  
  14  0:25  Probe  
  15  0:33  Probe  
  15  0:38  Gateway  
  15  0:41  Probe  
  16  0:47  Assimilator  
  17  0:51  Probe  
  18  1:03  Probe  
  19  1:19  Nexus  
  19  1:28  Probe  
  19  1:29  Cybernetics Core  
  20  1:36  Probe  
  20  1:37  Assimilator  
  20  1:46  Probe  
  21  1:50  Pylon  
  22  1:58  Probe, Adept  
  23  2:10  Probe  
  23  2:14  Stargate  
  26  2:22  Probe, Warp Gate  
  27  2:28  Probe, Adept  
  29  2:34  Probe  
  29  2:36  Probe  
  32  2:46  Probe x2  
  34  2:51  Oracle  
  34  2:58  Probe x2  
  39  3:10  Probe x2  
  41  3:13  Gateway  
  41  3:18  Pylon  
  41  3:22  Probe  
  41  3:23  Probe  
  41  3:25  Oracle  
  43  3:27  Gateway  
  43  3:33  Probe  
  46  3:36  Probe  
  46  3:38  Pylon  
  48  3:41  Probe  
  50  3:48  Probe  
  50  3:50  Probe  
  51  4:00  Probe  
  51  4:02  Probe  
  53  4:05  Oracle  
  56  4:10  Stalker  
  56  4:12  Probe  
  60  4:17  Pylon  
  60  4:18  Zealot, Probe  
  60  4:19  Nexus  
  60  4:20  Pylon  
  62  4:29  Assimilator  
  62  4:31  Assimilator  
  62  4:32  Probe, Pylon  
  62  4:36  Probe  
  64  4:40  Probe  
  64  4:42  Robotics Facility  
  65  4:48  Probe  
  65  4:49  Probe  
  65  4:51  Zealot x3  
  70  5:01  Probe, Forge  
  70  5:03  Forge, Probe  
  72  5:08  Shield Battery  
  72  5:12  Probe  
  72  5:13  Sentry x2  
  72  5:14  Sentry  
  79  5:17  Probe  
  79  5:20  Probe, Pylon  
  80  5:25  Pylon  
  80  5:28  Probe x2  
  81  5:29  Observer, Probe  
  85  5:36  Probe  
  85  5:38  Protoss Ground Weapons Level 1  
  85  5:39  Probe  
  85  5:40  Probe  
  88  5:46  Probe  
  89  5:51  Probe, Warp Prism  
  89  5:52  Robotics Bay  
  89  5:54  Protoss Ground Armor Level 1  
  92  5:58  Assimilator  
  92  6:00  Probe, Assimilator  
  92  6:01  Pylon  
  92  6:03  Probe  
  94  6:07  Gateway  
  94  6:08  Gateway  
  94  6:10  Gateway  
  94  6:24  Stalker x2, Sentry  
  94  6:25  Colossus  
  100  6:28  Pylon  
  100  6:31  Pylon  
  104  6:33  Photon Cannon, Pylon  
  104  6:35  Photon Cannon  
  106  6:42  Extended Thermal Lance  
  106  6:47  Twilight Council  
  106  7:00  Blink  
  106  7:03  Pylon  
  106  7:04  Pylon  
  106  7:09  Colossus  
  106  7:12  Stalker x4  
  111  7:42  Protoss Ground Weapons Level 2  
  111  7:51  Stalker x2  
  115  7:52  Zealot x4, Gateway x2  
  115  7:53  Gateway  
  115  7:55  Probe x2  
  115  7:56  Templar Archives  
  115  7:57  Pylon  
  125  8:06  Photon Cannon  
  125  8:11  Observer  
  126  8:13  Photon Cannon  
  126  8:15  Protoss Ground Armor Level 2  
  126  8:22  Colossus  
  126  8:24  Gravitic Drive  
  126  8:29  Nexus  
  126  8:30  Pylon  
  132  8:38  Pylon  
  132  8:42  Stalker x2  
  132  8:46  Zealot  
  132  8:47  Zealot x4  
  146  8:58  Photon Cannon  
  146  8:59  Charge, Probe x2  
  146  9:00  Photon Cannon  
  146  9:02  Shield Battery  
  148  9:04  Photon Cannon  
  148  9:05  Photon Cannon  
  148  9:07  Psionic Storm  
  148  9:08  Pylon  
  148  9:09  Pylon  
  148  9:10  Stalker  
  148  9:14  High Templar x3  
  156  9:21  Warp Prism  
  154  9:31  High Templar  
  158  9:32  Zealot x4  
  158  9:38  Probe x2  
  158  9:46  Warp Prism  
  158  9:50  Fleet Beacon  
  146  9:58  Dark Shrine  
  148  10:02  High Templar  
  148  10:04  Assimilator  
  148  10:05  Assimilator  
  150  10:13  Zealot x8  
  166  10:18  Colossus  
  156  10:33  Zealot x8  
  178  10:37  High Templar  
  180  10:51  Protoss Ground Weapons Level 3  
  180  10:53  Stalker x7  
  176  11:09  Observer  
  150  11:16  Zealot x2  
  112  11:25  High Templar x2  
  112  11:26  Disruptor, High Templar  
  103  11:50  Zealot x5  
  103  11:53  Warp Prism  
  113  11:56  Gateway  
  113  11:57  Tempest  
  113  12:00  Gateway  
  113  12:01  Nexus  
  113  12:02  Pylon  
  113  12:07  Dark Templar x3  
  124  12:24  Sentry  
  124  12:25  Stalker x3  
  124  12:26  Stalker x2  
  136  12:31  Colossus  
  139  12:41  Zealot, Dark Templar  
  141  12:44  Tempest  
  141  12:50  Stargate  
  144  13:04  Zealot x10  
  152  13:17  Tempest  
  150  13:20  Stargate  
  142  13:28  Stalker x11  
  153  13:47  Probe  
  146  13:50  Probe x2  
  149  13:58  Tempest  
  149  14:03  Zealot x4  
  149  14:04  Zealot x6  
  172  14:10  Protoss Air Weapons Level 1  
  172  14:16  Probe x2  
  174  14:17  Probe x2  
  172  14:41  Tempest x2  
  172  14:44  Zealot x3  
  172  14:45  Zealot x3  
  187  14:51  High Templar  
  187  14:52  High Templar x3  
  177  14:54  Assimilator  
  177  14:55  Assimilator  
  171  15:15  Stalker x7  
  173  15:47  Mothership  
  171  15:54  Carrier  
  185  15:58  High Templar x5  
  185  15:59  Zealot x2, High Templar  
  191  16:09  Protoss Shields Level 1  
  191  16:10  Archon  
  191  16:11  Archon  
  187  16:12  Archon  
  187  16:18  Protoss Ground Armor Level 3  
  185  16:22  Stalker x3  
  151  16:37  Zealot x8  
  151  16:39  Carrier  
  173  16:48  Photon Cannon  
  173  16:50  Photon Cannon, Shield Battery  
  173  16:52  Pylon  
  169  17:00  Carrier  
  163  17:01  Dark Templar  
  163  17:02  Zealot x4  
  163  17:03  Zealot, Dark Templar  
  163  17:04  Zealot x4  
  171  17:26  Dark Templar x2  
  171  17:27  Zealot x6  
  175  17:30  High Templar  
  155  17:47  High Templar x2  
  155  17:57  High Templar  
  155  17:58  Probe x2  
  143  18:14  Nexus  
  143  18:15  Zealot x8  
  159  18:26  Tempest  
  156  18:27  Tempest  
  152  18:37  Tempest  
  155  18:43  Dark Templar x3  
  155  18:46  Probe  
  127  19:16  Archon x2  
Tags
 
Add a new tag
Caveats
  • Supply blocks, unpowered buildings, or Contaminate may cause inaccurate times.
  • Supply counts are checked every 10 seconds.